 Dungeon Crawl Stone Soup version 0.19.1-1-g22dce08 (webtiles) character file.

73 ponk the Ruffian (level 4, -10/36 HPs)
             Began as a Ghoul Warper on Jan 19, 2017.
             Mangled by galech's ghost (14 damage)
             ... on level 3 of the Dungeon.
             The game lasted 00:07:19 (2235 turns).

ponk the Ruffian (Ghoul Warper)                     Turns: 2235, Time: 00:07:20

Health: -10/36     AC:  3    Str: 19    XL:     4   Next: 27%
Magic:  5/5        EV: 12    Int:  8    God:
Gold:   112        SH:  0    Dex:  9    Spells: 0 memorised, 6 levels left

rFire  . . .     SeeInvis .       - Unarmed
rCold  + . .     Gourm    .     a - +0 leather armour
rNeg   + + +     Faith    .     (no shield)
rPois  ∞         Spirit   .     (no helmet)
rElec  .         Reflect  .     (no cloak)
rCorr  .         Harm     .     (no gloves)
MR     .....                    (no boots)
Stlth  +.........               (no amulet)
                                (no ring)
                                (no ring)

@: mighty, rotting
A: rotting body, claws 1, carnivore 3, cold resistance 1, negative energy
resistance 3, slow regeneration 1, torment resistance, unbreathing
a: no special abilities


You were on level 3 of the Dungeon.
You were not hungry.

You visited 1 branch of the dungeon, and saw 3 of its levels.

You collected 112 gold pieces.

Inventory:

Missiles
 d - 3 tomahawks of dispersal (quivered)
 e - 6 poisoned javelins
Armour
 a - a +0 leather armour (worn)
 g - a +0 cloak
Jewellery
 l - an uncursed ring of poison resistance {unknown}
Scrolls
 c - a scroll of blinking
 j - a scroll of enchant weapon {unknown}
 m - a scroll of identify
Potions
 o - a potion of agility
 p - a potion of curing
Books
 b - a book of Spatial Translocations

   Spells                             Type                      Level
   a - Blink                          Translocation                2
   b - Shroud of Golubria             Charms/Translocation         2
   c - Lesser Beckoning               Translocation                3
   d - Portal Projectile              Translocation                3
   e - Teleport Other                 Translocation                3
   f - Passage of Golubria            Translocation                4
Comestibles
 f - a meat ration


   Skills:
 - Level 2.1 Fighting
 - Level 0.8 Throwing
 - Level 0.8 Armour
 - Level 1.8 Dodging
 + Level 4.8 Unarmed Combat
 - Level 1.7 Spellcasting
   Level 2.6 Translocations


You had 6 spell levels left.
You didn't know any spells.

Dungeon Overview and Level Annotations

Branches:
Dungeon (3/15)

Altars:
Ashenzari
Kikubaaqudgha
Uskayaw

Annotations:
D:3 galech's ghost, amateur OgFi


Innate Abilities, Weirdness & Mutations

Your body is rotting away.
You thrive on raw meat.
You are immune to poison.
You have sharp fingernails.
You are carnivorous and can eat meat at any time.
Your flesh is cold resistant. (rC+)
You are immune to negative energy. (rN+++)
You regenerate slowly when monsters are visible.
You are immune to unholy pain and torment.
You can survive without breathing.


Message History

The bat barely misses you. Galech's ghost hits you!
You barely miss galech's ghost.
Galech's ghost is moderately damaged.
The bat barely misses you. The bat closely misses you.
Galech's ghost barely misses you.
You scratch galech's ghost.
Galech's ghost is heavily damaged.
The bat hits you but does no damage. The bat hits you.
The bat barely misses you.
You scratch galech's ghost.
Galech's ghost is heavily damaged.
The bat closely misses you. The bat hits you but does no damage.
Galech's ghost hits you!
* * * LOW HITPOINT WARNING * * *
You barely miss galech's ghost.
Galech's ghost is heavily damaged.
The bat hits you.
* * * LOW HITPOINT WARNING * * *
The bat hits you but does no damage. Galech's ghost hits you!
You die...

####...###........
#......###......#.
##.##.#..#..####.#
.........#..# #
.#.###..._..# #
##..#..#
#rg#..####.#
#.#.####W###......#
.......@b###[####.#
.....###.###.# #.#
#.....# #..##...#
##.####.# #.# #.# #
#.# #.# .# # #.#
#.##.#.#
#.####.#.....


You could see galech's ghost, a goblin, a bat and a rat.

Vanquished Creatures
  2 adders (D:2)
  2 worms (D:2)
  A dart slug (D:1)
  3 leopard geckos
  A bat zombie (D:2)
  2 giant cockroaches
  5 goblins
  5 hobgoblins
  4 jackals (D:1)
  7 kobolds
  2 bats (D:1)
  A frilled lizard (D:2)
  6 rats
  2 rat zombies (D:2)
43 creatures vanquished.

Notes
Turn   | Place    | Note
-------+----------+-------------------------------------------
     0 | D:1      | ponk the Ghoul Warper began the quest for the Orb.
     0 | D:1      | Reached XP level 1. HP: 17/17 MP: 2/2
   158 | D:1      | Reached XP level 2. HP: 19/24 MP: 3/3
   290 | D:1      | Reached skill level 3 in Unarmed Combat
   548 | D:1      | Reached XP level 3. HP: 29/29 MP: 4/4
   730 | D:2      | Found an ancient bone altar of Kikubaaqudgha.
   771 | D:2      | Reached skill level 4 in Unarmed Combat
   893 | D:2      | Found a hide-covered altar of Uskayaw.
  1408 | D:2      | Reached XP level 4. HP: 17/36 MP: 5/5
  1788 | D:3      | Noticed galech's ghost (amateur OgFi)
  2167 | D:3      | Found a shattered altar of Ashenzari.
  2235 | D:3      | Mangled by galech's ghost

Skill      XL: |  1  2  3 |
---------------+----------+-----
Unarmed Combat | 3 4 |  4.8
Fighting       | |  2.1
Throwing       | |  0.8
Armour         | |  0.8
Dodging        | |  1.8
Spellcasting   | |  1.7
Translocations | |  2.6

Action                   |  1- 3 |  4- 6 || total
-------------------------+-------+-------++-------
Melee: Unarmed           |   139 |    42 ||   181
       Punch             |     2 |       ||     2
Throw: Tomahawk          |     2 |       ||     2
  Use: Scroll            |       |     4 ||     4
       Potion            |       |     3 ||     3
  Eat: Chunk             |    22 |     4 ||    26
Armor: Leather armour    |    24 |    25 ||    49
Dodge: Dodged            |    70 |    51 ||   121
